Unix NetHack Version 5.0.0-0 post-release - last build Jun 10 2026 00:39:30 (3ee93aec679c4c4259841fe613dc97188e26a321,branch:main).

Game began 2026-06-17 08:27:37, ended 2026-06-17 12:32:26.

FutureTim, lawful female human Valkyrie

                                  -----     #-------
                                 #....|     #|>@...|
                                 #|...|     #|aa....####
                                 #|....###a##-.....|   #####-..
                                 #|..)|     #|?.....        |....?
  |                            ###-----     #|.....|        |......
  |..!.......          a##a#?%##########a a #----           ........
  ----------                  ##                            |.......
                             #@                              ----.--
                             ##                 #                #
                                                #
                                               -.---
                                               |...| #
                                               |....####  ------------ ---
                                               |..<|   ###-.@............|
                                               |...|      |!.*.%....aaaaa|
                                               -----      |....%%.%.aaaaa|
                                                          |a...%.%.aaaaaa|
                                                          ----------------

FutureTim the Woman-at-arms  St:18 Dx:13 Co:18 In:8 Wi:8 Ch:10  Lawful
Dlvl:17 $:17 HP:0(106) Pw:41(41) AC:-3 Xp:12 T:17324  Burdened Blind

Latest messages:
 You kill the killer bee!
 The killer bee stings!
 The killer bee stings!
 You already found a monster.  Use 'm' prefix to force another search.
 You kill the killer bee!
 You try to feel what is lying here on the ground.
 You already found a monster.  Use 'm' prefix to force another search.
 You kill the killer bee!
 The killer bee misses!
 You miss the killer bee.
 The killer bee stings!
 The killer bee misses!
 You hit the killer bee.
 The killer bee misses!
 The killer bee stings!
 The killer bee just misses!
 You kill the killer bee!
 You hit the nurse.
 The nurse hits!
 The killer bee stings!
 The killer bee misses!
 You hit the nurse.
 The killer bee stings!
 You miss the nurse.
 The nurse hits!
 The killer bee stings!
 The killer bee stings!
 The nurse hits!
 The killer bee stings!
 What do you want to zap? [ivHMQ-SX or ?*] Q
 In what direction? .
 You materialize in a different location!
 The killer bee misses!
 The killer bee misses!
 You kill the killer bee!
 You try to feel what is lying here on the floor.
 You feel here a scroll of create monster.
 The queen bee stings!
 The queen bee stings!
 The queen bee stings!
 The queen bee just misses!
 The queen bee stings!
 The queen bee stings!
 The queen bee stings!
 You die...
 Do you want your possessions identified? [ynq] (y) y
 Do you want to see your attributes? [ynq] (y) y
 Do you want an account of creatures vanquished? [ynaq] (y) y
 Do you want to see your conduct and achievements? [ynq] (y) y
 Do you want to see the dungeon overview? [ynq] (y) y

Inventory:
 Coins    ('$')
  $ - 17 gold pieces
 Weapons  (')')
  w - a blessed thoroughly rusty +1 scimitar (weapon in right hand)
 Armor    ('[')
  t - an uncursed +0 pair of leather gloves (being worn)
  r - an uncursed thoroughly rusty +0 pair of iron shoes (being worn)
  c - an uncursed thoroughly burnt +3 small shield (being worn)
  B - a blessed +2 robe (being worn)
  J - an uncursed +0 Hawaiian shirt with a parrot motif (being worn)
  U - an uncursed +0 elven mithril-coat (being worn)
 Comestibles  ('%')
  b - 3 uncursed food rations
  I - 3 uncursed food rations
  F - an uncursed tripe ration
  z - 2 uncursed lizard corpses
 Scrolls  ('?')
  a - a blessed scroll of confuse monster
  n - an uncursed scroll of confuse monster
  g - a blessed scroll of enchant armor
  e - an uncursed scroll of enchant armor
  y - a cursed scroll of enchant armor
  j - an uncursed scroll of fire
  E - an uncursed scroll of gold detection
  d - 3 uncursed scrolls of remove curse
  T - an uncursed scroll of scare monster
  C - an uncursed scroll of teleportation
 Potions  ('!')
  N - an uncursed potion of blindness
  V - an uncursed potion of booze
  h - a blessed potion of levitation
  P - an uncursed potion of levitation
  x - 2 uncursed potions of monster detection
  K - an uncursed potion of object detection
  Z - an uncursed potion of oil
  u - an uncursed potion of polymorph
  A - 3 potions of holy water
 Rings    ('=')
  L - an uncursed ring of levitation
  m - an uncursed ring of searching
  O - an uncursed ring of sustain ability
 Wands    ('/')
  R - a wand of cold (0:4)
  i - a wand of create monster (1:15)
  X - a wand of create monster (0:12)
  M - a wand of fire (0:4)
  H - a wand of speed monster (0:6)
  Q - a wand of teleportation (0:2)
  S - a wand of teleportation (0:0)
  v - a wand of undead turning (0:4)
 Tools    ('(')
  l - an uncursed oil lamp (lit)
  p - a +0 pick-axe
  k - an uncursed skeleton key
  f - an uncursed stethoscope
  D - 2 uncursed tallow candles
  W - an uncursed towel (being worn)

FutureTim the Valkyrie's attributes:

Background:
 You were a Woman-at-arms, a level 12 human Valkyrie.
 You were lawful, on a mission for Tyr
 who was opposed by Odin (neutral) and Loki (chaotic).
 You were right-handed.
 You were in the Dungeons of Doom, on level 17.
 You entered the dungeon 17324 turns ago.
 There was a new moon in effect when your adventure ended.
 You had 21269 experience points, 18731 more were needed to attain level 13.

Basics:
 You had 0 out of 106 hit points.
 You had all 41 energy points (spell power).
 Your armor class was -3.
 Your wallet contained 17 zorkmids.
 Autopickup was off.

Final Characteristics:
 Your strength was 18 (limit:18/100).
 Your dexterity was 13 (peak:15, limit:18).
 Your constitution was 18 (limit:18).
 Your intelligence was 8 (limit:18).
 Your wisdom was 8 (peak:10, limit:18).
 Your charisma was 10 (limit:18).

Final Status:
 You were deliberately blind.
 You weren't hungry.
 You were burdened; movement was slightly slowed.
 You were wielding a saber.
 You had basic skill with saber.

Final Attributes:
 You were piously aligned.
 You were fire resistant.
 You were cold resistant.
 You were sleep resistant.
 You were poison resistant.
 You were telepathic.
 You were stealthy.
 You were guarded.
 You are dead.

Miscellaneous:
 You encountered 2 bones levels.
 Total elapsed playing time was 4 hours, 4 minutes and 48 seconds.

Major events:
 Turn
    1: FutureTim the lawful human Valkyrie entered the dungeon
 1181: attained the rank of Skirmisher (level 3)
 2552: entered the Gnomish Mines
 4001: reached Mine Town
 4721: attained the rank of Fighter (level 6)
11032: attained the rank of Woman-at-arms (level 10)
17324: killed by a queen bee

You didn't know any spells.

Skills:
 Fighting Skills
   bare handed combat [Unskilled]
   two weapon combat  [Unskilled]
   riding             [Unskilled]
 Weapon Skills
   dagger             [Basic]
   axe                [Unskilled]
   pick-axe           [Unskilled]
   short sword        [Unskilled]
   broadsword         [Unskilled]
   long sword         [Unskilled]
   two-handed sword   [Unskilled]
   saber              [Basic]
   hammer             [Unskilled]
   quarterstaff       [Unskilled]
   polearms           [Unskilled]
   spear              [Expert]
   trident            [Unskilled]
   lance              [Unskilled]
   sling              [Unskilled]
 Spellcasting Skills
   attack spells      [Unskilled]
   escape spells      [Unskilled]

Voluntary challenges:
 Character rerolling was not enabled.
 You never genocided any monsters.
 You never polymorphed an object.
 You used no wishes.
Achievements:
 You attained the rank of Skirmisher.
 You entered the Gnomish Mines.
 You entered Minetown.
 You entered a shop.
 You attained the rank of Fighter.
 You attained the rank of Woman-at-arms.
 You entered a temple.

 The Dungeons of Doom: levels 1 to 17
    Level 1:
       A fountain.
    Level 2:
    Level 3:
       Some fountains, a sink.
    Level 4:
       Stairs down to The Gnomish Mines.
    Level 5:
       Many fountains.
       Oracle of Delphi.
    Level 6:
    Level 9:
       A vegetarian food shop, a grave.
       Final resting place for
          greengrass-Wiz-Hum-Mal-Neu, killed by a giant mimic.
    Level 10:
       A fountain.
    Level 11:
       A fountain, a sink.
       Summoned by the Norn.
    Level 12:
       A temple and some altars.
    Level 13:
       Some fountains.
    Level 14:
       A fountain, many trees.
    Level 15:
       A grave.
    Level 16:
       A primitive area.
    Level 17: <- You were here.
       Final resting place for
          you, killed by a queen bee.
 The Gnomish Mines: levels 5 to 12
    Level 5:
    Level 6:
    Level 7:
       Many shops, a temple and an altar to Tyr, some fountains, a grave.
       Final resting place for
          neonightslayer-Val-Hum-Fem-Neu, killed by a watchman.
    Level 8:
    Level 9:
    Level 10:
    Level 11:
    Level 12:


Vanquished creatures:
  6 ghosts
  3 giant mimics
  a long worm
 an elven monarch
 an earth elemental
  a xorn
  a giant zombie
  a warg
  a hell hound pup
  2 xans
 an ogre leader
  2 quantum mechanics
  2 trolls
  a sasquatch
  2 gelatinous cubes
  a large dog
  a tiger
  a gargoyle
  a dwarf ruler
  2 tengu
  2 leocrottas
  2 elf mummies
  a human mummy
  a red naga
  a python
  3 wraiths
  2 carnivorous apes
  3 Grey-elves
  6 soldiers
  2 amorous demons
  2 chameleons
  3 giant beetles
  3 cockatrices
  3 wolves
  2 winter wolf cubs
  a gremlin
  2 orc-captains
 an iron piercer
  2 giant spiders
  3 horses
  2 ice vortices
  5 vampire bats
  a forest centaur
  3 gnome rulers
  a dwarf mummy
 an ogre
  2 rust monsters
 an owlbear
  a gold golem
  a werewolf
  3 lizards
  4 chickatrices
  a dingo
  a housecat
  a blue jelly
  2 ravens
  a plains centaur
  a gnome mummy
  2 snakes
  2 apes
  a human zombie
  2 rope golems
  a bugbear
  4 quasits
  2 water nymphs
  a mountain nymph
  2 Mordor orcs
  a rock mole
  3 ponies
  a fog cloud
  3 yellow lights
  a shrieker
  2 violet fungi
 17 gnome leaders
  5 gnomish wizards
  a ghoul
  a straw golem
  9 giant ants
  a little dog
  4 floating eyes
  a kitten
  5 dwarves
  2 homunculi
  a kobold leader
  a kobold shaman
 10 hill orcs
  7 rothes
  a rabid rat
  a centipede
  a giant bat
  4 monkeys
  a dwarf zombie
  2 wererats
  a werejackal
  3 iguanas
 28 killer bees
  5 acid blobs
  5 coyotes
  a gas spore
  a large kobold
  4 hobgoblins
  a giant rat
  7 cave spiders
  2 yellow molds
  a green mold
  2 red molds
 54 gnomes
  2 gnome zombies
  8 geckos
 10 jackals
  4 kobolds
  4 goblins
  6 sewer rats
  7 grid bugs
  a bat
  4 lichens
  a kobold zombie
  4 newts
378 creatures vanquished.

No species were genocided or became extinct.

Game over:
                       ----------
                      /          \
                     /    REST    \
                    /      IN      \
                   /     PEACE      \
                  /                  \
                  |    FutureTim     |
                  |      17 Au       |
                  |   killed by a    |
                  |    queen bee     |
                  |                  |
                  |                  |
                  |       2026       |
                 *|     *  *  *      | *
        _________)/\\_//(\/(/\)/\//\/|_)_______

Farvel FutureTim the Valkyrie...

You died in The Dungeons of Doom on dungeon level 17 with 45972 points,
and 17 pieces of gold, after 17324 moves.
You were level 12 with a maximum of 106 hit points when you died.

